 Dungeon Crawl Stone Soup version 0.25.1-2-g60ff931df9 (webtiles) character file.

Game seed: 1712572300949251689

6465 HyperSummoner the Blocker (level 10, -5/88 HPs)
             Began as a Minotaur Fighter on Sept 8, 2020.
             Was a Priest of the Shining One.
             Slain by a sixfirhy (11 damage)
             ... summoned by an orc sorcerer
             ... on level 1 of the Orcish Mines.
             The game lasted 01:11:47 (10261 turns).

HyperSummoner the Blocker (Minotaur Fighter)       Turns: 10261, Time: 01:11:48

Health: -5/88      AC: 18    Str: 20    XL:     10   Next: 68%
Magic:  9/9        EV:  7    Int:  6    God:    the Shining One [***...]
Gold:   1019       SH: 12    Dex: 13    Spells: 9/9 levels left

rFire    x . .     SeeInvis .   y - +3 war axe (freeze)
rCold    + . .     Gourm    .   c - +0 kite shield
rNeg     + . .     Faith    .   h - +1 plate armour
rPois    .         Spirit   .   (helmet restricted)
rElec    .         Reflect  .   V - +0 cloak
rCorr    .         Harm     .   W - +0 pair of gloves
MR       .....                  (no boots)
Stlth    ..........             (no amulet)
HPRegen  0.24/turn              (no ring)
MPRegen  0.11/turn              B - ring of ice

@: lethally poisoned (-5 -> -6), slowed, glowing, very slow
A: retaliatory headbutt, horns 2
a: Divine Shield, Renounce Religion


You were on level 1 of the Orcish Mines.
You worshipped the Shining One.
The Shining One was most pleased with you.
You were not hungry.

You visited 3 branches of the dungeon, and saw 11 of its levels.

You collected 1019 gold pieces.

Inventory:

Hand Weapons
 b - a +0 shortbow
 g - a +0 hunting sling
 i - a +4 short sword
 y - a +3 war axe of freezing (weapon)
Missiles
 e - 12 boomerangs
 m - 247 stones (quivered)
 o - 45 bolts
 r - 17 sling bullets
 u - 70 arrows
 Z - 39 poisoned darts
Armour
 c - a +0 kite shield (worn)
 h - a +1 plate armour (worn)
 t - a +0 ring mail
 C - +0 swamp dragon scales
 V - a +0 cloak (worn)
 W - a +0 pair of gloves (worn)
Jewellery
 q - the ring of Cesyuredd {rPois MP+9}
   (You found it on level 5 of the Dungeon)

   [ring of poison resistance]

   It protects you from poison.
   It affects your magic capacity (+9).
 B - a ring of ice (right hand)
Scrolls
 k - a scroll of fear {unknown}
 l - a scroll of enchant weapon
 n - 3 scrolls of remove curse
 p - 4 scrolls of identify
 s - a scroll of magic mapping {unknown}
 w - 2 scrolls of amnesia
 x - a scroll of noise {unknown}
 D - 2 scrolls of enchant armour
Potions
 a - 3 potions of flight
 d - 4 potions of might
 j - 2 potions of stabbing {unknown}
 v - 2 potions of degeneration
 z - 2 potions of lignification {unknown}
 A - a potion of brilliance {unknown}
 K - a potion of curing
 R - a potion of invisibility
 U - a potion of resistance {unknown}
 Y - 2 potions of haste {unknown}
Comestibles
 f - 10 rations
 E - 3 chunks of flesh


   Skills:
 + Level 7.7 Fighting
 + Level 9.2 Short Blades
 + Level 6.6 Axes
 + Level 0.3 Throwing
 + Level 9.9 Armour
 + Level 2.7 Dodging
 + Level 0.8 Stealth
 + Level 10.4 Shields


You had 9 spell levels left.
You didn't know any spells.
Your spell library was empty.

Dungeon Overview and Level Annotations

Branches:
Dungeon (9/15)             Temple (1/1) D:7             Orc (1/2) D:9
   Lair: D:8-11

Altars:
Ashenzari
Cheibriados
Dithmenos
Elyvilon
Fedhas
Gozag
Hepliaklqana
Kikubaaqudgha
Makhleb
Nemelex Xobeh
Okawaru
Qazlal
Ru
Sif Muna
Trog
Uskayaw
Vehumet
Wu Jian
Xom
Yredelemnul
Zin
The Shining One
Beogh

Shops:
D:4 ?

Annotations:
Orc:1 Erica


Innate Abilities, Weirdness & Mutations

You reflexively headbutt those who attack you in melee.
You have a pair of horns on your head.


Message History

The orc wizard gestures wildly while chanting.
The orc wizard flickers and vanishes!
Deactivating autopickup; reactivate with Ctrl-A.
You block the sixfirhy's attack.
The orc priest hits you but does no damage.
You feel sick.
The orc priest mumbles some strange prayers to Beogh against you.
Beogh smites you!
* * * LOW HITPOINT WARNING * * *
The orc priest calls down the wrath of Beogh upon you.
Beogh smites you!
* * * LOW HITPOINT WARNING * * *
The orc priest begins to cast a cantrip, but forgets the words!
The orc warlord hits you but does no damage.
The orc wizard hits you but does no damage.
The orc warrior closely misses you. You furiously retaliate!
You headbutt the orc warrior. The sixfirhy hits you.
* * * LOW HITPOINT WARNING * * *
The sixfirhy shocks you!
You die...

..##.......##......##### #####
....##.#.#.###.....##..######.#.#
.....#......#...#.##....##.#.....
...........##......#.....[.[#.#..
...........##.......#......###...
....#......##......#.....####...o
##..........#......#o.<..##......
#................3oo@o)..........
#...............@ooo4............
##...........^..ooo.o............
#............>.ooOo......#......
##..#.....#.#................#.##
#...#......#..........##..#.####.
##.#.......##..........###...^ #
#.....##.....#........## #..... #
##...###.....##.....### ....#...
#....###.._.........###..#.#....


You could see an orc warlord, Erica (invisible), an orange demon (summoned), a
sixfirhy (summoned), an orc sorcerer (strong), an orc warrior (strong), an ogre,
3 orc priests, 3 orc wizards and 5 orcs.

Vanquished Creatures
  The ghost of Elvor the Basher, a novice MiFi of Okawaru (D:8)
  Maggie (D:9)
  A hornet (D:9)
  2 trolls (Orc:1)
  2 hippogriffs
  The ghost of Artemis the Chiller, an amateur DsIE (D:5)
  A vampire (D:8)
  A wyvern (D:9)
  2 hungry ghosts (D:8)
  A warg (Orc:1)
  2 soldier ants (D:9)
  2 sky beasts
  3 orc warriors
  2 ice beasts (D:7)
  2 black bears
  4 ogres
  3 phantoms
  A necrophage (D:7)
  A centaur (D:7)
  5 bullfrogs
  A big kobold (D:8)
  A water moccasin zombie (D:6)
  A scorpion (D:8)
  4 killer bees (D:9)
  3 howler monkeys
  A crimson imp (D:7)
  An orc priest (Orc:1)
  A jelly (D:8)
  3 orc wizards
  A quasit (D:6)
  A centaur skeleton (D:4)
  8 hounds
  Terence (D:2)
  6 worker ants
  A killer bee zombie (D:6)
  A hound skeleton (D:5)
  A mummy (D:8)
  A worker ant zombie (D:7)
  A howler monkey skeleton (D:8)
  12 adders
  12 gnolls
  4 shadow imps
  A white imp (D:4)
  6 adder skeletons
  4 worms
  3 dart slugs
  5 leopard geckos
  23 orcs
  2 ball pythons
  11 bats
  7 giant cockroaches
  9 goblins
  5 hobgoblins
  5 jackals
  2 quokkas
  3 frilled lizards
  2 goblin skeletons (D:4)
  A goblin zombie (D:4)
  2 hobgoblin zombies (D:4)
  A jackal skeleton (D:4)
  A jackal zombie (D:7)
  18 kobolds
  2 kobold skeletons (D:4)
  A kobold zombie (D:4)
  2 leopard gecko skeletons
  A leopard gecko zombie (D:7)
  2 orc skeletons (D:4)
  A quokka zombie (D:6)
  9 rats
  A spectral quokka (D:8)
234 creatures vanquished.

Vanquished Creatures (others)
  A worker ant (D:8)
  4 jackals (D:8)
5 creatures vanquished.

Grand Total: 239 creatures vanquished

Notes
Turn   | Place    | Note
-------+----------+-------------------------------------------
     0 | D:1      | HyperSummoner the Minotaur Fighter began the quest for the
                  | Orb.
     0 | D:1      | Reached XP level 1. HP: 19/19 MP: 0/0
   201 | D:1      | Reached XP level 2. HP: 27/27 MP: 1/1
   813 | D:2      | Reached skill level 4 in Shields
   813 | D:2      | Reached XP level 3. HP: 32/33 MP: 2/2
   844 | D:2      | Noticed Terence
   865 | D:2      | Killed Terence
   973 | D:2      | Reached XP level 4. HP: 29/40 MP: 3/3
  2082 | D:2      | Reached XP level 5. HP: 47/47 MP: 4/4
  2851 | D:3      | Found a shattered altar of Ashenzari.
  3305 | D:4      | Reached skill level 5 in Armour
  3414 | D:4      | Reached skill level 1 in Short Blades
  3414 | D:4      | Reached skill level 5 in Shields
  3435 | D:4      | Noticed a sky beast
  3514 | D:3      | Killed a sky beast
  3514 | D:3      | Reached XP level 6. HP: 27/53 MP: 5/5
  3715 | D:4      | Found a glowing golden altar of the Shining One.
  3726 | D:4      | Reached skill level 1 in Dodging
  3962 | D:3      | Reached XP level 7. HP: 52/60 MP: 6/6
  4005 | D:4      | Reached skill level 6 in Shields
  4122 | D:4      | Became a worshipper of the Shining One
  4395 | D:4      | Found Bukler's Magic Scroll Emporium.
  4486 | D:5      | Entered Level 5 of the Dungeon
  4507 | D:5      | Got a clouded lapis lazuli ring
  4509 | D:5      | Identified the ring of Cesyuredd {rPois MP+9} (You found it
                  | on level 5 of the Dungeon)
  4745 | D:5      | Found a runed translucent door.
  4754 | D:5      | Noticed Artemis's ghost (amateur DsIE)
  4765 | D:5      | Killed Artemis's ghost
  4969 | D:5      | Reached XP level 8. HP: 67/67 MP: 7/7
  5149 | D:5      | Reached skill level 5 in Short Blades
  5261 | D:6      | Reached * piety under the Shining One
  5312 | D:6      | Reached skill level 5 in Fighting
  5312 | D:6      | Reached skill level 7 in Shields
  6269 | D:7      | Reached ** piety under the Shining One
  6283 | D:7      | Reached XP level 9. HP: 71/75 MP: 8/8
  6300 | D:7      | Found a staircase to the Ecumenical Temple.
  6319 | Temple   | Entered the Ecumenical Temple
  6460 | D:7      | Reached skill level 8 in Shields
  6722 | D:7      | Found an opulent altar of Gozag.
  6722 | D:7      | Found a sparkling altar of Nemelex Xobeh.
  7052 | D:8      | Reached skill level 9 in Shields
  7102 | D:8      | Found a transporter.
  7104 | D:8      | Noticed Elvor's ghost (novice MiFi)
  7490 | D:8      | Reached *** piety under the Shining One
  7660 | D:8      | Found a transporter.
  7914 | D:8      | Killed Elvor's ghost
  7914 | D:8      | Reached XP level 10. HP: 19/84 MP: 9/9
  8411 | D:9      | Found a shimmering altar of Xom.
  8413 | D:9      | Found an iron altar of Okawaru.
  8413 | D:9      | Found a sparkling altar of Nemelex Xobeh.
  8415 | D:9      | Found a hazy altar of Hepliaklqana.
  8415 | D:9      | Found a bloodstained altar of Trog.
  8415 | D:9      | Found a sparkling altar of Nemelex Xobeh.
  8538 | D:9      | Found a stormy altar of Qazlal.
  8675 | D:9      | Reached skill level 10 in Shields
  8762 | D:9      | Found a sacrificial altar of Ru.
  8998 | D:9      | Found a staircase to the Orcish Mines.
  8998 | D:9      | Noticed Maggie
  9019 | D:9      | Killed Maggie
  9030 | D:9      | Found a sacrificial altar of Ru.
  9040 | Orc:1    | Entered Level 1 of the Orcish Mines
  9082 | Orc:1    | Reached skill level 5 in Axes
  9586 | Orc:1    | Found a roughly hewn altar of Beogh.
  9658 | Orc:1    | Noticed Erica
  9658 | Orc:1    | Noticed an orc sorcerer
  9689 | Orc:1    | Noticed a rust devil
 10253 | Orc:1    | Noticed an orc warlord
 10255 | Orc:1    | Noticed a sixfirhy
 10257 | Orc:1    | Noticed an orange demon
 10261 | Orc:1    | Slain by a sixfirhy

Illustrated notes

Levels and vault maps discovered:
D:1:      saegor_arrival_simple_a, layout_rooms, chequers_jeans,
          corexii_hall_statues_l
D:2:      layout_loops_ring, first_ration, uniq_terence
D:3:      layout_basic, nicolae_overflow_hidden_temple
D:4:      layout_cave_pools, serial_shops, shop, nicolae_tso_besieged_by_evil
D:5:      layout_loops_ring, ebering_ghost_reflecting_pool
D:6:      minmay_polygon_palace, layout_rooms, hex_large, st_stairs_13
D:7:      layout_basic, grunt_temple_overflow_opulence,
          minmay_temple_entry_junction
D:8:      layout_gridville, gammafunk_ghost_mausoleum, lemuel_old_faithful
D:9:      layout_irregular_city, nicolae_qazlal_eye_of_the_storm,
          doesnt_xom_only_xom, lemuel_round_altar, orc_0_dummy,
          hangedman_pestilent_swarm, nicolae_ru_path_of_blood, uniq_maggie
Temple:   eino_temple_rhombus
Orc:1:    layout_caves, basic_altar, minmay_orc_barracks, uniq_erica

Skill      XL: |  1  2  3  4  5  6  7  8  9 10 |
---------------+-------------------------------+-----
Armour         | 4 5 6 7 8 9 |  9.9
Axes           | 3 4 6 |  6.6
Fighting       | 4 5 6 7 |  7.7
Shields        | 4 5 6 7 9 10 | 10.4
Short Blades   | 1 2 4 7 8 9 |  9.2
Dodging        | 1 2 |  2.7
Throwing       | |  0.3
Stealth        | |  0.8

Action                   |  1- 3 |  4- 6 |  7- 9 | 10-12 || total
-------------------------+-------+-------+-------+-------++-------
Melee: War axe           |    77 |    38 |       |   109 ||   224
       Headbutt          |    12 |    38 |    78 |    25 ||   153
       Dagger            |       |   222 |    45 |       ||   267
       Short sword       |       |       |   365 |    19 ||   384
Throw: Stone             |       |       |     3 |       ||     3
  Use: Scroll            |       |     4 |     4 |     5 ||    13
       Potion            |       |       |     5 |     3 ||     8
  Eat: Chunk             |       |     7 |     3 |       ||    10
       Ration            |       |     1 |     4 |     2 ||     7
Armor: Scale mail        |    34 |    26 |       |       ||    60
       Chain mail        |       |    43 |       |       ||    43
       Plate armour      |       |   121 |   198 |    76 ||   395
Dodge: Dodged            |    28 |    51 |    82 |    43 ||   204
Block: Kite shield       |    40 |   164 |   187 |   106 ||   497
